 Dungeon Crawl Stone Soup version 0.30.1-11-g7821555f0a (webtiles) character file.

Game seed: 5988016069754331379

228 Peloso the Covered (level 5, -2/47 HPs)
             Began as a Minotaur Fighter on Nov 11, 2023.
             Slain by Duvessa
             ... wielding a +0 rapier
              (9 damage)
             ... on level 4 of the Dungeon.
             The game lasted 00:05:05 (2788 turns).

Peloso the Covered (Minotaur Fighter)               Turns: 2788, Time: 00:05:06

Health: -2/47      AC: 13    Str: 27    XL:     5   Next: 71%
Magic:  4/4        EV:  7    Int:  5    God:
Gold:   232        SH:  5    Dex: 11    Spells: 4/4 levels left

rFire   + . .        a - +0 long sword
rCold   . . .        d - +0 buckler
rNeg    . . .        k - +0 plate armour
rPois   .            (helmet restricted)
rElec   .            (no cloak)
rCorr   .            p - +0 pair of gloves
SInv    .            (no boots)
Will    .....        (no amulet) Stlth
                     i - ring of protection from fire
HPRegen 0.27/turn    l - +6 ring of strength
MPRegen 0.09/turn

%: no passive effects
@: mighty, lit by a corona, glowing
A: horns 2, retaliatory headbutt
a: no special abilities


You were on level 4 of the Dungeon.
You visited 1 branch of the dungeon, and saw 4 of its levels.

You collected 232 gold pieces.

Inventory:

Hand Weapons
 a - a +0 long sword (weapon)
Missiles
 r - 2 throwing nets (quivered)
Armour
 b - a +0 scale mail
 c - a +0 chain mail
 d - a +0 buckler (worn)
 k - a +0 plate armour (worn)
 p - a +0 pair of gloves (worn)
Jewellery
 g - a ring of ice
 i - a ring of protection from fire (left hand)
 l - a +6 ring of strength (right hand)
Scrolls
 e - 2 scrolls of enchant armour {unknown}
 h - a scroll of fear {unknown}
 n - a scroll of enchant weapon {unknown}
 o - 3 scrolls of identify {unknown}
 s - a scroll of teleportation {unknown}
 t - 5 scrolls of amnesia {unknown}
 v - a scroll of torment {unknown}
 w - a scroll of magic mapping {unknown}
Potions
 j - a potion of curing
 m - 3 potions of heal wounds {unknown}
 q - a potion of invisibility {unknown}
 u - a potion of magic {unknown}
 x - a potion of brilliance {unknown}


   Skills:
 + Level 4.5 Fighting
 + Level 4.9 Long Blades
 + Level 5.1 Armour
 + Level 0.5 Dodging
 + Level 0.2 Stealth
 + Level 4.4 Shields


You had 4 spell levels left.
You didn't know any spells.
Your spell library contained the following spells:

 Spells                   Type           Power      Damage    Failure   Level
 Slow                     Hex            0%         N/A       100%        1
 Cigotuvi's Dreadful Rot  Necr/Pois/Air  0%         N/A       100%        2
 Confusing Touch          Hex            0%         N/A       100%        3
 Ignite Poison            Fire/Tmut/Pois 0%         N/A       100%        3
 Portal Projectile        Hex/Tloc       0%         N/A       100%        3
 Summon Guardian Golem    Hex/Summ       0%         N/A       100%        3
 Tukima's Dance           Hex            0%         N/A       100%        3
 Vampiric Draining        Necr           0%         2d6       100%        3
 Vhi's Electric Charge    Tloc/Air       0%         N/A       100%        3
 Arcjolt                  Conj/Air       0%         1d10      100%        5
 Blade Hands              Tmut           0%         N/A       100%        5
 Freezing Cloud           Conj/Ice/Air   0%         6-21      100%        5
 Orb of Destruction       Conj           0%         9d5       100%        7
 Spellforged Servitor     Conj/Summ      0%         N/A       100%        7
 Maxwell's Capacitive Co  Air            0%         ∞         100%        8


Dungeon Overview and Level Annotations

Branches:
Dungeon (4/15)
 Temple: D:4-7

Altars:
Nemelex Xobeh
Qazlal

Annotations:
D:4 Duvessa


Innate Abilities, Weirdness & Mutations

You have a pair of horns on your head.
You reflexively headbutt those who attack you in melee.


Message History

Things that are here:
a +0 dagger; a +0 robe You closely miss Duvessa.
Duvessa closely misses you. You block Duvessa's attack.
You slash Duvessa! Your headbutt misses Duvessa.
Duvessa is lightly wounded.
Duvessa hits you but does no damage. Duvessa hits you with a +0 rapier.
You hit Duvessa. Your headbutt misses Duvessa.
Duvessa is lightly wounded.
Duvessa barely misses you.
You slash Duvessa! You headbutt Duvessa, but do no damage.
Duvessa is moderately wounded.
Duvessa hits you but does no damage. Duvessa hits you with a +0 rapier!!
You feel very mighty all of a sudden. Duvessa hits you but does no damage.
You closely miss Duvessa.
Duvessa is moderately wounded.
Duvessa hits you with a +0 rapier. Duvessa hits you but does no damage.
You barely miss Duvessa. You headbutt Duvessa!
Duvessa is heavily wounded.
Duvessa hits you with a +0 rapier!
* * * LOW HITPOINT WARNING * * *
Duvessa hits you but does no damage.
You completely miss Duvessa. You headbutt Duvessa.
Duvessa is heavily wounded.
Duvessa hits you but does no damage. Duvessa hits you with a +0 rapier.
* * * LOW HITPOINT WARNING * * *
You slash Duvessa!
Duvessa is severely wounded.
Duvessa hits you but does no damage.
You hit Duvessa.
Duvessa is severely wounded.
Duvessa hits you with a +0 rapier.
* * * LOW HITPOINT WARNING * * *
Duvessa hits you with a +0 rapier.
* * * LOW HITPOINT WARNING * * *
You slash Duvessa!
Duvessa is almost dead.
Duvessa hits you with a +0 rapier!
You die...

+.........+
......... ....w..
..e.. ... #'# #.#
##.########
#...e@....#
#.###...####..##
#................
#####...####..####
#..#####..#
#.........#
#.>...(...#
##.######## #.#


You could see Duvessa (berserk).

Vanquished Creatures
  Dowan (D:4)
  6 gnolls
  3 adders
  2 worms
  2 dart slugs
  10 endoplasms
  3 giant cockroaches
  6 goblins
  12 hobgoblins
  3 jackals (D:2)
  2 quokkas
  4 ball pythons
  5 bats
  7 frilled lizards
  6 kobolds
  8 rats
80 creatures vanquished.

Notes
Turn   | Place    | Note
-------+----------+-------------------------------------------
     0 | D:1      | Peloso the Minotaur Fighter began the quest for the Orb.
     0 | D:1      | Reached XP level 1. HP: 19/19 MP: 0/0
   376 | D:1      | Reached XP level 2. HP: 27/27 MP: 1/1
   718 | D:1      | Reached skill level 4 in Armour
  1117 | D:2      | Reached XP level 3. HP: 33/33 MP: 2/2
  1196 | D:2      | Found a stormy altar of Qazlal.
  1257 | D:2      | Reached XP level 4. HP: 21/40 MP: 3/3
  2097 | D:3      | Found a sparkling altar of Nemelex Xobeh.
  2348 | D:3      | Reached XP level 5. HP: 47/47 MP: 4/4
  2744 | D:4      | Noticed Dowan
  2775 | D:4      | Noticed Duvessa
  2776 | D:4      | Killed Dowan
  2777 | D:4      | Reached skill level 5 in Armour
  2788 | D:4      | Slain by Duvessa

Illustrated notes

Levels and vault maps discovered:
D:1:      scummos_arrival_hexagon, layout_loops_corners,
          grunt_decor_mini_mirrors, minmay_tromino_i2
D:2:      layout_basic, basic_altar
D:3:      minmay_general_purpose_star, layout_basic,
          nemelex_xobeh_ov_fountains_minmay
D:4:      kennysheep_spiral_hall, layout_loops_corners,
          kennysheep_vampire_church, uniq_duvessa

Skill      XL: |  1  2  3  4  5 |
---------------+----------------+-----
Armour         | 4 5 |  5.1
Shields        | 4 |  4.4
Fighting       | 4 |  4.5
Long Blades    | 3 4 |  4.9
Dodging        | |  0.5
Stealth        | |  0.2

Action                     |  1- 3 |  4- 6 || total
---------------------------+-------+-------++-------
  Melee: Long sword        |    88 |   115 ||   203
         Headbutt          |    11 |    23 ||    34
    Use: Potion            |       |     1 ||     1
 Armour: Chain mail        |    24 |       ||    24
         Scale mail        |     1 |       ||     1
         Plate armour      |    52 |    63 ||   115
  Dodge: Dodged            |    46 |    31 ||    77
  Block: Buckler           |    29 |    22 ||    51
